TOP OF THE 1ST |
---|
Riverside Red Bulls batting - Pitching for Bismarck Barons : LHP César Galván | Pitching: LHP César Galván | | Batting: RHB Donovan James | 0-0: Ball 1-0: Ball 2-0: Called Strike 2-1: Ball 3-1: Base on Balls | Batting: RHB Robert Stevens | 0-0: Ball Donovan James steals 2nd base 1-0: Called Strike 1-1: Reached via error on a dropped throw, E1 Donovan James to third | Batting: RHB Patrick Daniels | 0-0: Called Strike 0-1: Foul Ball, location: 2F 0-2: Strikes out swinging | Batting: RHB Luis Bustamante | 0-0: Called Strike 0-1: Ground out 5-3 (Groundball, 56S) Donovan James scores Robert Stevens to second | Batting: RHB Bobby Miller | 0-0: Ball 1-0: Ball 2-0: Called Strike 2-1: SINGLE (Line Drive, 4D) Robert Stevens to third Runner from 3rd tries for Home, SAFE, no throw | Batting: SHB Carlos Ramírez | 0-0: Called Strike 0-1: Ball 1-1: Ball 2-1: Ground out 4-3 (Groundball, 4) | Top of the 1st over - 2 runs, 1 hit, 1 error, 1 left on base; Riverside 2 - Bismarck 0 | BOTTOM OF THE 1ST |
---|
Bismarck Barons batting - Pitching for Riverside Red Bulls : RHP Máximo Salazar | Pitching: RHP Máximo Salazar | | Batting: RHB Dave Anderson | 0-0: Ball 1-0: Called Strike 1-1: Foul Ball, location: 2F 1-2: Ball 2-2: SINGLE (Groundball, 3S) (infield hit) | Batting: RHB Eugenio Maldonado | 0-0: Foul Ball, location: 2F 0-1: Called Strike 0-2: Ball 1-2: SINGLE (Line Drive, 6MD) Dave Anderson to second | Batting: RHB Dennis Garner | 0-0: Swinging Strike 0-1: Grounds into double play, 6-4-3 (Groundball, 56) Dave Anderson to third | Batting: SHB José Gonzáles | 0-0: Called Strike 0-1: Fly out, F9 (Line Drive, 9) | Bottom of the 1st over - 0 runs, 2 hits, 0 errors, 1 left on base; Riverside 2 - Bismarck 0 | TOP OF THE 2ND |
---|
Riverside Red Bulls batting - Pitching for Bismarck Barons : LHP César Galván | Batting: RHB Lakota O'Reilly | 0-0: Ball 1-0: Called Strike 1-1: Called Strike 1-2: Strikes out swinging | Batting: LHB Miguel Gálvez | 0-0: Ball 1-0: Called Strike 1-1: Foul Ball, location: 2F 1-2: Ball 2-2: Ball 3-2: Foul Ball, location: 2F 3-2: SINGLE (Flyball, 9LS) | Batting: SHB Ángel Estrada | 0-0: Called Strike Miguel Gálvez is caught stealing 2nd base 0-1: SOLO HOME RUN (Flyball, 78XD), Distance : 369 ft | Batting: RHB Donovan James | 0-0: Ball 1-0: Ground out 4-3 (Groundball, 4) | Top of the 2nd over - 1 run, 2 hits, 0 errors, 0 left on base; Riverside 3 - Bismarck 0 | BOTTOM OF THE 2ND |
---|
Bismarck Barons batting - Pitching for Riverside Red Bulls : RHP Máximo Salazar | Batting: RHB Fernando Castellanos | 0-0: Called Strike 0-1: Ball 1-1: Ground out U3 (Groundball, 34) | Batting: LHB Jorge Fernández | 0-0: Ball 1-0: Called Strike 1-1: SOLO HOME RUN (Flyball, 9D), Distance : 347 ft | Batting: RHB Xie-li Fong | 0-0: Ground out 3-1 (Groundball, 34) | Batting: RHB Mark Roy | 0-0: Foul Ball, location: 2F 0-1: Swinging Strike 0-2: Strikes out looking | Bottom of the 2nd over - 1 run, 1 hit, 0 errors, 0 left on base; Riverside 3 - Bismarck 1 | TOP OF THE 3RD |
---|
Riverside Red Bulls batting - Pitching for Bismarck Barons : LHP César Galván | Batting: RHB Robert Stevens | 0-0: Ball 1-0: Ball 2-0: Foul Ball, location: 2F 2-1: Ball 3-1: Called Strike 3-2: Fly out, F2 (Popup, 25F) | Batting: RHB Patrick Daniels | 0-0: Called Strike 0-1: Foul Ball, location: 2F 0-2: SOLO HOME RUN (Flyball, 7LD), Distance : 334 ft | Batting: RHB Luis Bustamante | 0-0: Foul Ball, location: 2F 0-1: Foul Ball, location: 2F 0-2: Ball 1-2: Ball 2-2: Strikes out swinging | Batting: RHB Bobby Miller | 0-0: Called Strike 0-1: Fly out, F6 (Line Drive, 6) | Top of the 3rd over - 1 run, 1 hit, 0 errors, 0 left on base; Riverside 4 - Bismarck 1 | BOTTOM OF THE 3RD |
---|
Bismarck Barons batting - Pitching for Riverside Red Bulls : RHP Máximo Salazar | Batting: RHB Rubén Palma | 0-0: Called Strike 0-1: Ball 1-1: SINGLE (Groundball, 4MD) | Batting: RHB Dave Anderson | 0-0: Ball 1-0: Ball Wild Pitch! Rubén Palma to second 2-0: Fly out, F7 (Flyball, 7S) | Batting: RHB Eugenio Maldonado | 0-0: Called Strike 0-1: Foul Ball, location: 2F 0-2: Strikes out swinging | Batting: RHB Dennis Garner | 0-0: SINGLE (Groundball, 56S) (infield hit) Rubén Palma to third | Batting: SHB José Gonzáles | 0-0: Foul Ball, location: 2F 0-1: Ball 1-1: Fly out, F5 (Line Drive, 5) | Bottom of the 3rd over - 0 runs, 2 hits, 0 errors, 2 left on base; Riverside 4 - Bismarck 1 | TOP OF THE 4TH |
---|
Riverside Red Bulls batting - Pitching for Bismarck Barons : LHP César Galván | Batting: SHB Carlos Ramírez | 0-0: Foul Ball, location: 2F 0-1: Called Strike 0-2: Ball 1-2: Strikes out swinging | Batting: RHB Lakota O'Reilly | 0-0: Ball 1-0: Swinging Strike 1-1: Ball 2-1: Ball 3-1: Foul Ball, location: 2F 3-2: Strikes out looking | Batting: LHB Miguel Gálvez | 0-0: Ball 1-0: Ball 2-0: Foul Ball, location: 2F 2-1: SINGLE (Groundball, 25) (infield hit) | Batting: SHB Ángel Estrada | 0-0: Fielders Choice at 2nd, 5-4 (Groundball, 5) | Top of the 4th over - 0 runs, 1 hit, 0 errors, 1 left on base; Riverside 4 - Bismarck 1 | BOTTOM OF THE 4TH |
---|
Bismarck Barons batting - Pitching for Riverside Red Bulls : RHP Máximo Salazar | Batting: RHB Fernando Castellanos | 0-0: Ball 1-0: Foul Ball, location: 2F 1-1: Foul Ball, location: 2F 1-2: Ball 2-2: Ball 3-2: Fly out, F8 (Line Drive, 89D) | Batting: LHB Jorge Fernández | 0-0: Reached via error on a dropped throw, E1 | Batting: RHB Xie-li Fong | 0-0: Fielders Choice at 2nd, 4-6 (Groundball, 4) | Batting: RHB Mark Roy | 0-0: Ball Xie-li Fong is caught stealing 2nd base | Bottom of the 4th over - 0 runs, 0 hits, 1 error, 0 left on base; Riverside 4 - Bismarck 1 | TOP OF THE 5TH |
---|
Riverside Red Bulls batting - Pitching for Bismarck Barons : LHP César Galván | Batting: RHB Donovan James | 0-0: Ball 1-0: Ball 2-0: Foul Ball, location: 2F 2-1: SINGLE (Groundball, 6MD) | Batting: RHB Robert Stevens | 0-0: Ball Passed Ball! Donovan James to second 1-0: Called Strike 1-1: Swinging Strike 1-2: Ball 2-2: Strikes out swinging | Batting: RHB Patrick Daniels | 0-0: Called Strike 0-1: Ball 1-1: Fly out, F7 (Flyball, 7LM) | Batting: RHB Luis Bustamante | 0-0: Ball 1-0: Fly out, F7 (Flyball, 7LS) | Top of the 5th over - 0 runs, 1 hit, 0 errors, 1 left on base; Riverside 4 - Bismarck 1 | BOTTOM OF THE 5TH |
---|
Bismarck Barons batting - Pitching for Riverside Red Bulls : RHP Máximo Salazar | Batting: RHB Mark Roy | 0-0: Ball 1-0: Foul Ball, location: 2F 1-1: Foul Ball, location: 2F 1-2: Ball 2-2: Ball 3-2: Ground out 4-3 (Groundball, 4) | Batting: RHB Rubén Palma | 0-0: Ball 1-0: Ball 2-0: Called Strike 2-1: Ball 3-1: Base on Balls | Batting: RHB Dave Anderson | 0-0: Called Strike 0-1: Ball 1-1: Ball 2-1: Ball 3-1: Foul Ball, location: 2F 3-2: Base on Balls Rubén Palma to second | Batting: RHB Eugenio Maldonado | 0-0: Swinging Strike 0-1: Called Strike 0-2: Strikes out swinging | Batting: RHB Dennis Garner | 0-0: Ball 1-0: SINGLE (Groundball, 3D) Rubén Palma to third Dave Anderson to second Runner from 3rd tries for Home, SAFE, no throw | Batting: SHB José Gonzáles | 0-0: Called Strike 0-1: Swinging Strike 0-2: Ball 1-2: Ball Wild Pitch! Dave Anderson to third Dennis Garner to second 2-2: Ball 3-2: Ground out 5-3 (Groundball, 5L) | Bottom of the 5th over - 1 run, 1 hit, 0 errors, 2 left on base; Riverside 4 - Bismarck 2 | TOP OF THE 6TH |
---|
Riverside Red Bulls batting - Pitching for Bismarck Barons : LHP César Galván | Batting: RHB Bobby Miller | 0-0: SINGLE (Line Drive, 6MD) | Batting: SHB Carlos Ramírez | 0-0: Called Strike 0-1: Swinging Strike 0-2: Strikes out swinging | Batting: RHB Lakota O'Reilly | 0-0: Ball 1-0: SINGLE (Groundball, 6MD) Bobby Miller to second | Batting: LHB Miguel Gálvez | 0-0: Ball 1-0: Called Strike Throwing error on steal attempt, E2 Bobby Miller scores Lakota O'Reilly to third 1-1: Called Strike 1-2: Ball 2-2: Foul Ball, location: 2F 2-2: Ball 3-2: Strikes out swinging | Batting: SHB Ángel Estrada | 0-0: Swinging Strike 0-1: Ball 1-1: Ground out 4-3 (Groundball, 4S) | Top of the 6th over - 1 run, 2 hits, 1 error, 1 left on base; Riverside 5 - Bismarck 2 | BOTTOM OF THE 6TH |
---|
Bismarck Barons batting - Pitching for Riverside Red Bulls : RHP Máximo Salazar | Batting: RHB Fernando Castellanos | 0-0: Ball 1-0: Ball 2-0: Ball 3-0: Base on Balls | Batting: LHB Jorge Fernández | 0-0: Ball 1-0: Ball 2-0: Called Strike 2-1: Foul Ball, location: 2F 2-2: Ball 3-2: Fly out, F9 (Flyball, 9LSF) | Batting: RHB Xie-li Fong | 0-0: Ball 1-0: Ball 2-0: Ball 3-0: Base on Balls Fernando Castellanos to second | Batting: RHB Mark Roy | 0-0: Called Strike 0-1: Called Strike 0-2: Ball 1-2: Ball 2-2: Ball 3-2: Foul Ball, location: 2F 3-2: Base on Balls Fernando Castellanos to third Xie-li Fong to second | Batting: RHB Rubén Palma | 0-0: Ball 1-0: Swinging Strike 1-1: Ball 2-1: Ball 3-1: Base on Balls Fernando Castellanos scores Xie-li Fong to third Mark Roy to second | Batting: RHB Dave Anderson | 0-0: Ball 1-0: Grounds into fielders choice 4-2 (Groundball, 4) Mark Roy to third Rubén Palma to second | Batting: RHB Eugenio Maldonado | 0-0: Foul Ball, location: 2F 0-1: Ball 1-1: SINGLE (Line Drive, 8LS) Mark Roy scores Rubén Palma to third Dave Anderson to second Runner from 3rd tries for Home, SAFE, no throw | Batting: RHB Dennis Garner | 0-0: SINGLE (Flyball, 9LM) Dave Anderson to third Eugenio Maldonado to second Runner from 3rd tries for Home, SAFE, no throw | Pitching: LHP Mitch Bennett | | Batting: SHB José Gonzáles | 0-0: Swinging Strike 0-1: Swinging Strike 0-2: Ball 1-2: Ball 2-2: Ball 3-2: Base on Balls Eugenio Maldonado to third Dennis Garner to second | Batting: RHB Fernando Castellanos | 0-0: Called Strike 0-1: Called Strike 0-2: Ball 1-2: Strikes out swinging | Bottom of the 6th over - 4 runs, 2 hits, 0 errors, 3 left on base; Riverside 5 - Bismarck 6 | TOP OF THE 7TH |
---|
Riverside Red Bulls batting - Pitching for Bismarck Barons : LHP César Galván | Pitching: RHP Wilson Molina | | Batting: RHB Donovan James | 0-0: Swinging Strike 0-1: Reached on error, E1 (Groundball, 15S) | Batting: RHB Robert Stevens | 0-0: Ground out 5-3 (Groundball, 56S) Donovan James to third | Batting: RHB Patrick Daniels | 0-0: Called Strike 0-1: Ball 1-1: Foul Ball, location: 2F 1-2: Ball 2-2: Ground out 6-3 (Groundball, 6) | Batting: RHB Luis Bustamante | 0-0: Ball 1-0: Ball 2-0: 2-RUN HOME RUN (Flyball, 7D), Distance : 354 ft | Batting: RHB Bobby Miller | 0-0: Ball 1-0: Ball 2-0: Swinging Strike 2-1: Called Strike 2-2: Fly out, F8 (Line Drive, 8LS) | Top of the 7th over - 2 runs, 1 hit, 1 error, 0 left on base; Riverside 7 - Bismarck 6 | BOTTOM OF THE 7TH |
---|
Bismarck Barons batting - Pitching for Riverside Red Bulls : LHP Mitch Bennett | Batting: LHB Jorge Fernández | 0-0: Ball 1-0: SINGLE (Groundball, 56D) | Pinch Runner at 1st Juan Castillo: | | Batting: RHB Xie-li Fong | 0-0: Ball 1-0: Bunted foul 1-1: Sac Bunt - play at first, batter safe! Juan Castillo to second | Batting: RHB Mark Roy | 0-0: Called Strike 0-1: Swinging Strike 0-2: Strikes out looking | Pinch Hitting: RHB Félix Trevino | 0-0: Ball 1-0: Called Strike 1-1: Swinging Strike 1-2: Foul Ball, location: 2F 1-2: Foul Ball, location: 2F 1-2: Foul Ball, location: 2F 1-2: Ball 2-2: Ball 3-2: Grounds into double play, 6-4-3 (Groundball, 6) | Bottom of the 7th over - 0 runs, 2 hits, 0 errors, 1 left on base; Riverside 7 - Bismarck 6 | TOP OF THE 8TH |
---|
Riverside Red Bulls batting - Pitching for Bismarck Barons : RHP Wilson Molina | Now at 2B: Pancho Torres | | Batting: SHB Carlos Ramírez | 0-0: Called Strike 0-1: Ball 1-1: Called Strike 1-2: Ball 2-2: Ball 3-2: Strikes out looking | Batting: RHB Lakota O'Reilly | 0-0: Swinging Strike 0-1: Swinging Strike 0-2: Foul Ball, location: 2F 0-2: Fly out, F1 (Popup, 15) | Pitching: LHP Charlie Conner | | Batting: LHB Miguel Gálvez | 0-0: Called Strike 0-1: Foul Ball, location: 2F 0-2: Hit by Pitch | Pitching: LHP Adrian Bryant | | Batting: SHB Ángel Estrada | 0-0: Ball 1-0: Swinging Strike 1-1: Fly out, F9 (Line Drive, 89S) | Top of the 8th over - 0 runs, 0 hits, 0 errors, 1 left on base; Riverside 7 - Bismarck 6 | BOTTOM OF THE 8TH |
---|
Bismarck Barons batting - Pitching for Riverside Red Bulls : LHP Mitch Bennett | Batting: RHB Dave Anderson | 0-0: Foul Ball, location: 2F 0-1: Called Strike 0-2: Ball 1-2: DOUBLE (Line Drive, 89D) | Pitching: RHP Júlio Vargas | | Batting: RHB Eugenio Maldonado | 0-0: Swinging Strike 0-1: Ball 1-1: Ball 2-1: Ball 3-1: Base on Balls | Pinch Hitting: LHB Brian Easdale | 0-0: Fielders Choice at 2nd, 5-4 (Groundball, 5) Dave Anderson to third | Batting: SHB José Gonzáles | 0-0: Called Strike 0-1: Ball 1-1: Foul Ball, location: 2F 1-2: Ball 2-2: Foul Ball, location: 2F 2-2: Ball 3-2: SINGLE (Groundball, 34D) Dave Anderson scores Brian Easdale to second Runner from 2nd tries for 3rd, SAFE, no throw | Batting: RHB Fernando Castellanos | 0-0: Called Strike 0-1: Ball 1-1: Called Strike 1-2: Ball 2-2: Ball 3-2: Foul Ball, location: 2F 3-2: Strikes out looking | Batting: RHB Juan Castillo | 0-0: Ball 1-0: Called Strike 1-1: Called Strike 1-2: Ball 2-2: Ball 3-2: Foul Ball, location: 2F 3-2: Foul Ball, location: 2F 3-2: Foul Ball, location: 2F 3-2: Base on Balls José Gonzáles to second | Pinch Hitting: LHB Corey MacGregor | 0-0: Called Strike 0-1: Ball 1-1: Fly out, F8 (Flyball, 78D) | Bottom of the 8th over - 1 run, 2 hits, 0 errors, 3 left on base; Riverside 7 - Bismarck 7 | TOP OF THE 9TH |
---|
Riverside Red Bulls batting - Pitching for Bismarck Barons : LHP Adrian Bryant | Pitching: RHP Ignacio Beltrán | | Now at SS: Eric Black | | Now in LF: Brian Easdale | | Batting: RHB Donovan James | 0-0: Foul Ball, location: 2F 0-1: Ball 1-1: Ball 2-1: SINGLE (Groundball, 6D) | Batting: RHB Robert Stevens | 0-0: Ball Donovan James is caught stealing 2nd base 1-0: Foul Ball, location: 2F 1-1: Ball 2-1: Ball 3-1: Swinging Strike 3-2: Strikes out swinging | Batting: RHB Patrick Daniels | 0-0: Called Strike 0-1: Called Strike 0-2: Ball 1-2: Strikes out swinging | Top of the 9th over - 0 runs, 1 hit, 0 errors, 0 left on base; Riverside 7 - Bismarck 7 | BOTTOM OF THE 9TH |
---|
Bismarck Barons batting - Pitching for Riverside Red Bulls : RHP Júlio Vargas | Pitching: RHP Ricardo López | | Pinch Hitting: LHB Ralph Jackson | 0-0: Ball 1-0: Fly out, F6 (Popup, 6M) | Batting: RHB Pancho Torres | 0-0: Hit by Pitch | Pinch Runner at 1st Orlando Hernández: | | Batting: RHB Dave Anderson | 0-0: Ball 1-0: Called Strike 1-1: SINGLE (Groundball, 34D) Orlando Hernández to second Runner from 2nd tries for 3rd, SAFE, no throw | Batting: RHB Eugenio Maldonado | 0-0: Swinging Strike 0-1: 3-RUN HOME RUN (Flyball, 7D), Distance : 370 ft | Saturday, December 16th, 2017 - OOTP Baseball 18.8 Build 76 |
|